[Event "Titled Tuesday Blitz July 18 Early 2023"]
[White "Slovineanu, Viacheslav"]
[Black "Ishowmoves57"]
[WhiteFideId "13900510"]
[WhiteElo "2354"]
[BlackElo "2133"]
[Result "0-1"]
[Round "10"]
[TimeControl "180+2"]
[Date "2023.07.18"]
[WhiteClock "0:00:20"]
[BlackClock "0:00:26"]
[Board "136"]

1. d4 Nf6 2. Nf3 d5 3. c4 e6 4. e3 Be7 5. b3 O-O 6. Bd3 Ne4 7. O-O Nd7 8. Qc2 f5 9. Ba3 c6 10. Bxe7 Qxe7 11. Nbd2 g5 12. Rab1 g4 13. Ne5 Nxe5 14. dxe5 h5 15. f3 Ng5 16. f4 Ne4 17. b4 Bd7 18. b5 Rac8 19. Bxe4 dxe4 20. a4 Qc5 21. Qb3 Rfd8 22. Rfc1 Be8 23. Nf1 Rd3 24. Qb4 Qxb4 25. Rxb4 Rcd8 26. c5 h4 27. Kf2 Ra3 28. Rc2 Rdd3 29. Rd2 Rxd2+ 30. Nxd2 Rc3 31. b6 a6 32. Rc4 Rd3 33. Ke1 Rxe3+ 34. Kf2 Rd3 35. Ke2 g3 36. hxg3 Rxg3 37. Kf2 e3+ 38. Ke2 exd2 39. Kxd2 Rxg2+ 40. Kc3 h3 41. Kb4 h2 42. Ka5 h1=Q 43. Rb4 Qh4 44. Rc4 Qg4 45. Rb4 Qe2 46. Rd4 Qe1+ 47. Rb4 Qxb4+ 48. Kxb4 Rf2 49. Ka5 Kf7 50. Kb4 Kg6 51. Ka5 Kh5 52. Kb4 Kg4 53. Ka5 Kh3 54. Kb4 Kg2 55. Ka5 Kh1 56. Kb4 Kg1 57. Ka5 Kf1 58. Kb4 Ke1 59. Ka5 Kd1 60. Kb4 Kc1 61. Ka5 Kb1 62. Kb4 Ka1 63. Ka5 Ka2 64. Kb4 Rxf4+ 65. Ka5 Rxa4+ 66. Kxa4 f4 67. Kb4 f3 0-1


[Site "https://www.chess.com"]

[Event "Titled Tuesday Blitz July 18 Early 2023"]
[White "campochess"]
[Black "Schut, Han"]
[BlackFideId "1005561"]
[WhiteElo "2130"]
[BlackElo "2294"]
[Result "1-0"]
[Round "10"]
[TimeControl "180+2"]
[Date "2023.07.18"]
[WhiteClock "0:00:45"]
[BlackClock "0:00:00"]
[Board "137"]

1. d4 Nf6 2. Bg5 d5 3. Nd2 g6 4. Bxf6 exf6 5. e3 Bd6 6. g3 c6 7. Bg2 O-O 8. Ne2 Re8 9. O-O Bg4 10. h3 Bxe2 11. Qxe2 Qb6 12. Nb3 a5 13. Qd3 a4 14. Nd2 Na6 15. c4 dxc4 16. Nxc4 Qb5 17. Rfd1 Bc7 18. Bf1 Nb4 19. Qd2 Nd5 20. Nd6 Qb6 21. Nxe8 Rxe8 22. Rab1 Bb8 23. b3 a3 24. b4 Qc7 25. Rdc1 Nxe3 26. fxe3 Qxg3+ 27. Qg2 Qxe3+ 28. Kh1 Qf4 29. b5 Re3 30. bxc6 Rg3 31. Qe2 Re3 32. Qg2 Rg3 33. Qc2 bxc6 34. Rxb8+ Qxb8 35. Qxc6 Qf4 36. Rd1 Qf2 37. Bg2 Qxa2 38. Qe4 1-0


[Site "https://www.chess.com"]

[Event "Titled Tuesday Blitz July 18 Early 2023"]
[White "Martin, Lewis"]
[Black "Tqebuchava, Zurab"]
[WhiteFideId "410551"]
[BlackFideId "13601113"]
[WhiteElo "2272"]
[BlackElo "2117"]
[Result "1-0"]
[Round "10"]
[TimeControl "180+2"]
[Date "2023.07.18"]
[WhiteClock "0:01:20"]
[BlackClock "0:00:00"]
[Board "138"]

1. e4 d6 2. b3 Nf6 3. Bd3 Nc6 4. Bb2 e5 5. c3 g6 6. Bc2 Bg7 7. Ne2 O-O 8. d4 exd4 9. cxd4 Nb4 10. O-O Nxc2 11. Qxc2 Re8 12. Nd2 c6 13. Rfe1 d5 14. e5 Bf5 15. Qc3 Nd7 16. Ng3 Be6 17. Ba3 b6 18. Qxc6 Rc8 19. Qb5 Rc2 20. Qd3 Qc7 21. Rac1 Rc8 22. Rxc2 Qxc2 23. Qxc2 Rxc2 24. Nb1 Rxa2 25. Rc1 Bf8 26. Bxf8 Kxf8 27. Nf1 Rb2 28. Nfd2 Ra2 29. Kf1 Ke7 30. Ke1 Kd8 31. Nc3 Ra5 32. h3 b5 33. b4 Ra3 34. Nxb5 Nb6 35. Nxa3 1-0


[Site "https://www.chess.com"]

[Event "Titled Tuesday Blitz July 18 Early 2023"]
[White "Stork, Oliver"]
[Black "Cardozo Munar, Carlos Eduardo"]
[WhiteFideId "12955728"]
[BlackFideId "4409477"]
[WhiteElo "2414"]
[BlackElo "2260"]
[Result "1-0"]
[Round "10"]
[TimeControl "180+2"]
[Date "2023.07.18"]
[WhiteClock "0:01:00"]
[BlackClock "0:00:36"]
[Board "139"]

1. e4 e6 2. d4 d5 3. Nd2 c5 4. Ngf3 Nf6 5. Bb5+ Bd7 6. Bxd7+ Qxd7 7. e5 Ng8 8. c3 Nc6 9. O-O f6 10. exf6 Nxf6 11. Re1 cxd4 12. cxd4 Bd6 13. Ng5 Nxd4 14. Nf1 e5 15. Qxd4 O-O 16. Qd1 e4 17. Ng3 Rad8 18. Be3 Bb8 19. Bd4 Ng4 20. Qb3 h5 21. Nxh5 Bxh2+ 22. Kh1 Bb8 23. Nxg7 Nxf2+ 24. Bxf2 Qxg7 25. Nxe4 Qh7+ 26. Kg1 Qh2+ 27. Kf1 Qh1+ 28. Ke2 Qxg2 29. Rg1 Qxg1 30. Rxg1+ Kf7 31. Ng5+ Ke7 32. Qxb7+ Kd6 33. Bg3+ Kc5 34. Rc1+ Kd4 35. Qb4# 1-0


[Site "https://www.chess.com"]

[Event "Titled Tuesday Blitz July 18 Early 2023"]
[White "Davidson, Kevin"]
[Black "Gyulamiryan-koryun"]
[WhiteFideId "2056810"]
[WhiteElo "2337"]
[BlackElo "1892"]
[Result "1-0"]
[Round "10"]
[TimeControl "180+2"]
[Date "2023.07.18"]
[WhiteClock "0:00:18"]
[BlackClock "0:00:01"]
[Board "140"]

1. e4 c5 2. Nf3 e6 3. d4 cxd4 4. Nxd4 a6 5. Nc3 Qc7 6. g3 b5 7. Bg2 Bb7 8. O-O d6 9. Re1 Nf6 10. a4 b4 11. Nd5 exd5 12. exd5+ Be7 13. Nf5 O-O 14. Rxe7 Qc8 15. Nxd6 Qd8 16. Rxb7 Qxd6 17. Bf4 Qc5 18. Rc7 Qb6 19. a5 Qb5 20. d6 Nbd7 21. Bc6 Qf5 22. Bxa8 Rxa8 23. Qf3 Re8 24. Qc6 Qh3 25. Rc8 Qe6 26. Rxe8+ Qxe8 27. Qxa6 h5 28. Qb7 Qe6 29. a6 Ne4 30. a7 Ndf6 31. a8=Q+ Kh7 32. Re1 1-0


[Site "https://www.chess.com"]

[Event "Titled Tuesday Blitz July 18 Early 2023"]
[White "Johnson, Ben"]
[Black "Clawitter, Craig"]
[WhiteFideId "2010917"]
[BlackFideId "2023105"]
[WhiteElo "2116"]
[BlackElo "2267"]
[Result "0-1"]
[Round "10"]
[TimeControl "180+2"]
[Date "2023.07.18"]
[WhiteClock "0:00:00"]
[BlackClock "0:00:09"]
[Board "141"]

1. Nf3 Nf6 2. c4 e6 3. b3 d5 4. cxd5 exd5 5. Bb2 c5 6. e3 Nc6 7. Bb5 Bd6 8. O-O O-O 9. d4 Bg4 10. dxc5 Bxc5 11. h3 Bh5 12. Be2 Re8 13. Nbd2 Ne4 14. Rc1 Bb6 15. Nxe4 dxe4 16. Nd2 Bg6 17. Nc4 Bc7 18. Qxd8 Raxd8 19. Rfd1 f5 20. a4 Bf7 21. Ba3 Rd5 22. Rxd5 Bxd5 23. Rd1 Rd8 24. Kf1 Kf7 25. Bb2 g6 26. Rc1 Ke6 27. g3 Ne5 28. Nxe5 Bxe5 29. Bxe5 Kxe5 30. Rc7 Bxb3 31. Rxb7 Bxa4 32. Rxa7 Bd1 33. Rxh7 Rd2 34. Bxd1 Rxd1+ 35. Ke2 Ra1 36. Rh6 Kf6 37. h4 Kg7 0-1


[Site "https://www.chess.com"]

[Event "Titled Tuesday Blitz July 18 Early 2023"]
[White "Hrescak, Ivana"]
[Black "Quirke, Jeffrey"]
[WhiteFideId "14613441"]
[BlackFideId "2013029"]
[WhiteElo "2105"]
[BlackElo "2222"]
[Result "1-0"]
[Round "10"]
[TimeControl "180+2"]
[Date "2023.07.18"]
[WhiteClock "0:01:51"]
[BlackClock "0:01:14"]
[Board "142"]

1. e4 c5 2. Nf3 g6 3. c3 d5 4. exd5 Qxd5 5. d4 Bg7 6. Na3 cxd4 7. Bc4 Qe4+ 8. Be3 dxe3 9. Bxf7+ Kxf7 10. Ng5+ Ke8 11. Nxe4 exf2+ 12. Nxf2 Nf6 13. O-O Bf5 14. Qa4+ Kf7 15. Nc4 Nc6 16. Qb3 Be6 17. Ne4 h6 18. Nc5 Bd5 19. Ne5+ Nxe5 20. Qxd5+ 1-0


[Site "https://www.chess.com"]

[Event "Titled Tuesday Blitz July 18 Early 2023"]
[White "Floresvillar Gonzalez, Luis Migu"]
[Black "Lisjak, Zlatko"]
[WhiteFideId "5100542"]
[BlackFideId "14502186"]
[WhiteElo "2075"]
[BlackElo "2152"]
[Result "0-1"]
[Round "10"]
[TimeControl "180+2"]
[Date "2023.07.18"]
[WhiteClock "0:00:00"]
[BlackClock "0:00:46"]
[Board "143"]

1. e4 d6 2. d4 Nf6 3. Nc3 c6 4. Bg5 Qb6 5. Bxf6 exf6 6. Rb1 Be7 7. Bc4 O-O 8. Nge2 Qc7 9. O-O b5 10. Bd3 b4 11. Na4 Re8 12. b3 Nd7 13. Ng3 g6 14. Nb2 Bf8 15. Nc4 a5 16. a3 d5 17. exd5 cxd5 18. Ne3 Bb7 19. a4 f5 20. Qf3 f4 21. Nxd5 Bxd5 22. Qxd5 fxg3 23. fxg3 Nb6 24. Qf3 Bg7 25. d5 Ra7 26. h3 Qc5+ 27. Kh2 Qxd5 28. Qf2 Bd4 29. Qd2 Re3 30. Rbe1 Rae7 31. Rxe3 Rxe3 32. Qf2 Rxd3 33. Qxf7+ Qxf7 34. Rxf7 Kxf7 35. cxd3 Ke6 36. g4 g5 37. g3 Ke5 38. h4 Nd5 39. Kg2 h6 0-1


[Site "https://www.chess.com"]

[Event "Titled Tuesday Blitz July 18 Early 2023"]
[White "Saim, Mohamed Ilias"]
[Black "Horokoskii"]
[WhiteFideId "7900465"]
[WhiteElo "1921"]
[BlackElo "2120"]
[Result "0-1"]
[Round "10"]
[TimeControl "180+2"]
[Date "2023.07.18"]
[WhiteClock "0:01:48"]
[BlackClock "0:02:21"]
[Board "144"]

1. c4 Nf6 2. g3 g6 3. Bg2 Bg7 4. Nc3 O-O 5. e4 d6 6. Nge2 Nbd7 7. O-O c6 8. d3 e5 9. Be3 Ng4 10. Bd2 f5 11. exf5 Rxf5 12. h3 Nh6 13. Qc1 Nf7 14. g4 Rf6 15. g5 Re6 16. Bf3 Nc5 17. d4 exd4 18. Nxd4 Bxd4 0-1


[Site "https://www.chess.com"]

[Event "Titled Tuesday Blitz July 18 Early 2023"]
[White "Kiseljova, Marya"]
[Black "ogpin"]
[WhiteFideId "4155009"]
[WhiteElo "2133"]
[BlackElo "2069"]
[Result "0-1"]
[Round "10"]
[TimeControl "180+2"]
[Date "2023.07.18"]
[WhiteClock "0:00:03"]
[BlackClock "0:00:02"]
[Board "145"]

1. d4 Nf6 2. c4 d6 3. Nf3 Bf5 4. Nc3 Nbd7 5. Nh4 Bg6 6. Nxg6 hxg6 7. e4 e5 8. d5 c6 9. Bg5 Be7 10. h4 Nh5 11. Bxe7 Qxe7 12. dxc6 bxc6 13. g3 f5 14. Be2 Nhf6 15. Qa4 fxe4 16. Qxc6 O-O 17. Nxe4 Nxe4 18. Qxe4 d5 19. Qxd5+ Kh8 20. O-O Rad8 21. b3 Nc5 22. Qc6 Rf6 23. Qg2 Rd2 24. Bf3 e4 25. Bg4 Nd3 26. h5 Rfxf2 27. Rxf2 Rxf2 28. Qh3 g5 29. h6 g6 30. Rf1 Qc5 31. Kh1 Qe3 32. h7 Rxf1+ 33. Qxf1 Qf2 34. Qg2 e3 35. Qa8+ Kxh7 36. Qb7+ Kh8 37. Qc8+ Kg7 38. Qd7+ Kh6 39. Qxd3 Qxg3 40. Be2 Qe1+ 41. Kg2 Qf2+ 42. Kh1 Qh4+ 43. Kg2 Qf2+ 44. Kh1 g4 45. Bxg4 Qh4+ 46. Kg2 Qxg4+ 47. Kf1 Qf3+ 48. Ke1 Qf2+ 49. Kd1 Qg1+ 50. Ke2 Qf2+ 51. Kd1 Qf3+ 52. Kc2 Qg2+ 53. Kc3 e2 54. Qd2+ g5 55. Kd3 Qf3+ 56. Kc2 Qe4+ 57. Kb2 e1=Q 58. Qh2+ Q1h4 59. Qd6+ Kh5 60. Qd1+ Qeg4 61. Ka3 Qxd1 62. c5 Qc1# 0-1


[Site "https://www.chess.com"]

[Event "Titled Tuesday Blitz July 18 Early 2023"]
[White "Lohani, Sujana"]
[Black "ArchibaldCerveza29"]
[WhiteFideId "12311987"]
[WhiteElo "1935"]
[BlackElo "2425"]
[Result "0-1"]
[Round "10"]
[TimeControl "180+2"]
[Date "2023.07.18"]
[WhiteClock "0:00:00"]
[BlackClock "0:00:07"]
[Board "146"]

1. d4 d5 2. Nf3 Nf6 3. c4 c6 4. e3 Bf5 5. Nc3 dxc4 6. Bxc4 e6 7. O-O Be7 8. Re1 Bg6 9. e4 O-O 10. Nh4 b5 11. Nxg6 hxg6 12. Bb3 a6 13. e5 Nd5 14. Ne4 Nd7 15. Qg4 c5 16. Bg5 c4 17. Bd1 Re8 18. Qh4 Nf8 19. Rc1 Rc8 20. Bf3 Bxg5 21. Nxg5 Ne7 22. Re4 Nf5 23. Qf4 b4 24. g4 Nh4 25. Qxf7+ Kh8 26. Qf4 Qxg5 27. Bg2 Qxf4 28. Rxf4 Nxg2 29. Kxg2 Kg8 30. h4 Nd7 31. g5 Nb6 32. h5 gxh5 33. Rh1 g6 34. Rf6 Kg7 35. Rh3 Nd5 36. Rhf3 c3 37. Rf7+ Kg8 0-1


[Site "https://www.chess.com"]

[Event "Titled Tuesday Blitz July 18 Early 2023"]
[White "Winkels, Marcel"]
[Black "ivana_999"]
[WhiteFideId "1003887"]
[WhiteElo "2074"]
[BlackElo "1916"]
[Result "0-1"]
[Round "10"]
[TimeControl "180+2"]
[Date "2023.07.18"]
[WhiteClock "0:00:54"]
[BlackClock "0:00:04"]
[Board "147"]

1. e4 e6 2. Nf3 d5 3. e5 c5 4. b4 cxb4 5. a3 Nc6 6. axb4 Bxb4 7. c3 Bf8 8. d4 Nge7 9. Bd3 Nf5 10. Qc2 Be7 11. O-O h5 12. Na3 a6 13. Bd2 g5 14. Rfb1 g4 15. Ne1 h4 16. Rb2 g3 17. fxg3 hxg3 18. h3 Bg5 19. Rab1 Be3+ 20. Bxe3 Nxe3 21. Qe2 Qg5 22. Nf3 Qh6 23. Ra2 Ng4 24. Nb5 Ke7 25. Nd6 Nf2 26. Nxb7 Rb8 27. Rab2 Bxb7 28. Rxb7+ Rxb7 29. Rxb7+ Kd8 30. Rb1 Qf4 31. Bxa6 Nxh3+ 32. gxh3 Rxh3 33. Qg2 Qh6 34. Re1 Ne7 35. c4 Nf5 36. cxd5 Ne3 37. Rxe3 Qxe3+ 38. Kf1 Rh1+ 39. Qxh1 Qf2# 0-1


[Site "https://www.chess.com"]

[Event "Titled Tuesday Blitz July 18 Early 2023"]
[White "Goughfather"]
[Black "Navyblue1"]
[WhiteElo "1993"]
[BlackElo "1847"]
[Result "1/2-1/2"]
[Round "10"]
[TimeControl "180+2"]
[Date "2023.07.18"]
[WhiteClock "0:00:06"]
[BlackClock "0:00:06"]
[Board "148"]

1. d4 Nf6 2. Nc3 d5 3. Bf4 c6 4. e3 g6 5. h4 b5 6. a3 Bg7 7. Bd3 h5 8. Nf3 Bg4 9. Qd2 Bxf3 10. gxf3 Nbd7 11. Be5 Nxe5 12. dxe5 Nd7 13. e6 Nc5 14. exf7+ Kxf7 15. Rg1 Nxd3+ 16. Qxd3 Qd6 17. f4 Bxc3+ 18. Qxc3 Qf6 19. Kd2 Qxc3+ 20. Kxc3 c5 21. b4 Rac8 22. Kb2 Rhd8 23. c3 a6 24. Rg5 e6 25. Rag1 Rg8 26. f3 cxb4 27. axb4 Rc4 28. R5g2 Kf6 29. Kb3 Kf7 30. Ra1 Rc6 31. Rga2 Rgc8 32. Rc1 Kf6 33. Rd2 Rc4 34. Rcc2 R8c7 35. Rg2 R7c6 36. Rgd2 Rc7 37. Rd3 R7c6 38. Ra2 Kf7 39. Ra1 Kf6 40. Rg1 Kf7 41. Rg5 Rc8 42. Rg1 Kf6 43. Ra1 R8c6 44. Ra2 Kf7 45. Rb2 Kf6 46. Rc2 Kf7 47. Rc1 Kf6 48. Rg1 Kf7 49. Rg5 Rc8 50. Re5 Kf6 51. e4 dxe4 52. fxe4 R8c6 53. Re3 Rc7 54. Rg5 R7c6 55. Reg3 Ke7 56. Rxg6 Kd6 57. e5+ Kd5 58. Rf3 Ke4 59. Rgg3 Rc7 60. Rf1 R7c6 61. Rgf3 Kf5 62. R3f2 Kg4 63. Rg1+ Kf5 64. Rg5+ Ke4 65. Rg3 Kf5 66. Rg1 Ke4 67. Rgf1 Rc7 68. Rc2 R7c6 69. Rff2 Kd3 70. Rcd2+ Ke4 71. Rc2 Kf5 72. Rf1 Kg4 73. Rff2 Kxh4 74. Rc1 Kg4 75. Rcc2 Kf5 76. Rh2 Kxf4 77. Rxh5 Ke4 78. Rh4+ Kd5 79. Rh5 Ke4 80. Rh4+ Kd5 81. Rh5 Ke4 1/2-1/2


[Site "https://www.chess.com"]

[Event "Titled Tuesday Blitz July 18 Early 2023"]
[White "Nakamura, Hikaru"]
[Black "Martinez Alcantara, Jose Eduardo"]
[WhiteFideId "2016192"]
[BlackFideId "3805662"]
[WhiteElo "3250"]
[BlackElo "3050"]
[Result "1-0"]
[Round "11"]
[TimeControl "180+2"]
[Date "2023.07.18"]
[WhiteClock "0:00:07"]
[BlackClock "0:00:00"]
[Board "2"]

1. Nf3 Nf6 2. b3 c5 3. Bb2 d5 4. e3 g6 5. Bxf6 exf6 6. c3 Nc6 7. d4 cxd4 8. Nxd4 Bg7 9. g3 O-O 10. Bg2 f5 11. Ne2 Be6 12. O-O Rc8 13. Nd2 Qa5 14. b4 Qc7 15. Nb3 Ne5 16. Nbd4 Rfe8 17. Rc1 a6 18. Nf4 Rcd8 19. Qb3 Nc4 20. Rfd1 Kh8 21. Nf3 h6 22. h4 b5 23. Nd4 Rd6 24. Nde2 Kh7 25. Bxd5 Red8 26. Bxe6 fxe6 27. Nd4 Re8 28. h5 g5 29. Ng6 Qb7 30. Qc2 Bxd4 31. exd4 Qf3 32. Ne5 Nxe5 33. dxe5 Rd5 34. Rxd5 exd5 35. Re1 Kg7 36. Qd2 f4 37. Qc2 Qxh5 38. Qf5 Rf8 39. Qd7+ Rf7 40. Qxd5 fxg3 41. fxg3 Qg4 42. Re3 Qf5 43. Qg2 Re7 44. Qe2 Qe6 45. Kh2 Rf7 46. a3 Rf5 47. Kg2 Qd5+ 48. Kh2 Qe6 49. Qe1 h5 50. Qe2 Kh6 51. Kg2 Qd5+ 52. Kh2 Qe6 53. Qe1 Kg7 54. Qd2 Qf7 55. Re2 Qe6 56. Qd4 Rf7 57. Qd6 Re7 58. Qxe6 Rxe6 59. g4 h4 60. Kh3 Kf7 61. Rf2+ Kg6 62. Rf5 Rc6 63. Kg2 Rc4 64. Rf6+ Kg7 65. Kf3 Rxc3+ 66. Ke4 h3 67. Rf2 Rc4+ 68. Kd5 Kg6 69. e6 Rf4 70. Re2 Rf8 71. e7 Re8 72. Ke6 1-0


[Site "https://www.chess.com"]

[Event "Titled Tuesday Blitz July 18 Early 2023"]
[White "Firouzja, Alireza"]
[Black "Dubov, Daniil"]
[WhiteFideId "12573981"]
[BlackFideId "24126055"]
[WhiteElo "3120"]
[BlackElo "3104"]
[Result "1-0"]
[Round "11"]
[TimeControl "180+2"]
[Date "2023.07.18"]
[WhiteClock "0:00:42"]
[BlackClock "0:00:04"]
[Board "3"]

1. d4 Nf6 2. Bg5 d5 3. e3 Ne4 4. Bf4 Bf5 5. f3 Nd6 6. Nc3 e6 7. Qe2 Bg6 8. O-O-O Be7 9. e4 c6 10. Qe3 Nd7 11. h4 h6 12. Bd3 O-O 13. h5 Bh7 14. Nh3 Qa5 15. Kb1 dxe4 16. fxe4 e5 17. dxe5 Nxe5 18. Qg3 Bf6 19. Bxh6 Ndc4 20. Bxg7 Bxg7 21. h6 Bg6 22. hxg7 Rfd8 23. Bxc4 Nxc4 24. Nf4 Qb4 25. b3 Nd2+ 26. Rxd2 Rxd2 27. Nxg6 Rad8 28. Ne7+ Qxe7 29. Rh8# 1-0


[Site "https://www.chess.com"]

[Event "Titled Tuesday Blitz July 18 Early 2023"]
[White "Antipov, Mikhail Al."]
[Black "Movahed, Sina"]
[WhiteFideId "4107012"]
[BlackFideId "42520835"]
[WhiteElo "2926"]
[BlackElo "3006"]
[Result "0-1"]
[Round "11"]
[TimeControl "180+2"]
[Date "2023.07.18"]
[WhiteClock "0:00:04"]
[BlackClock "0:00:58"]
[Board "4"]

1. e4 c5 2. Nf3 d6 3. d4 cxd4 4. Nxd4 Nf6 5. Nc3 a6 6. Rg1 Nc6 7. Be2 g6 8. g4 Bg7 9. Be3 O-O 10. g5 Nd7 11. h4 Nc5 12. h5 Qa5 13. Qd2 Nxd4 14. Bxd4 Nxe4 15. Nxe4 Qxd2+ 16. Kxd2 Bxd4 17. c3 Bg7 18. Rae1 d5 19. Nc5 b5 20. f4 Rd8 21. Bf3 Ra7 22. h6 Bf8 23. Nb3 e6 24. Nd4 Bd6 25. Ke3 Rc7 26. a3 Bd7 27. Be2 Rb8 28. Bd3 a5 29. Rc1 Kf8 30. Rge1 Ke7 31. Kf3 Bc5 32. Nb3 Bb6 33. Rcd1 Kd6 34. Bf1 b4 35. axb4 axb4 36. cxb4 Ba7 37. b5 Bxb5 38. Bxb5 Rxb5 39. Nd2 Rxb2 40. Re2 Rb4 41. Ne4+ Ke7 42. Nf6 Rc3+ 43. Kg2 Be3 44. Ra2 Rxf4 45. Re1 Rf5 46. Kh1 Rxg5 47. Nxh7 Rh5+ 48. Kg2 Rxh6 49. Rb2 Rxh7 50. Rb7+ Kd6 0-1


[Site "https://www.chess.com"]

[Event "Titled Tuesday Blitz July 18 Early 2023"]
[White "Kramnik, Vladimir"]
[Black "Zemlyanskii, Ivan"]
[WhiteFideId "4101588"]
[BlackFideId "24249971"]
[WhiteElo "2993"]
[BlackElo "2903"]
[Result "0-1"]
[Round "11"]
[TimeControl "180+2"]
[Date "2023.07.18"]
[WhiteClock "0:00:00"]
[BlackClock "0:01:58"]
[Board "5"]

1. e4 c5 2. Nf3 e6 3. d4 cxd4 4. Nxd4 Nf6 5. Nc3 Nc6 6. Ndb5 Bc5 7. Bf4 O-O 8. Bc7 Qe7 9. Bd6 Bxd6 10. Qxd6 Qd8 11. O-O-O a6 12. Nd4 Ne7 13. Qg3 b5 14. e5 Nfd5 15. Nxd5 Nxd5 16. Bd3 Bb7 17. Kb1 f5 18. h4 Qe7 19. Rhe1 Qb4 20. Bf1 Rac8 0-1


[Site "https://www.chess.com"]

[Event "Titled Tuesday Blitz July 18 Early 2023"]
[White "Oparin, Grigoriy"]
[Black "Pranav, V"]
[WhiteFideId "24125890"]
[BlackFideId "25060783"]
[WhiteElo "2989"]
[BlackElo "2964"]
[Result "1-0"]
[Round "11"]
[TimeControl "180+2"]
[Date "2023.07.18"]
[WhiteClock "0:00:06"]
[BlackClock "0:00:00"]
[Board "6"]

1. d4 Nf6 2. c4 e6 3. Nc3 Bb4 4. e3 O-O 5. Bd3 d5 6. Nf3 b6 7. O-O Bb7 8. cxd5 exd5 9. Bd2 Nbd7 10. Ne5 a6 11. f4 Be7 12. Qf3 c5 13. Rad1 cxd4 14. exd4 Re8 15. Be1 Nf8 16. Bh4 b5 17. a3 Rc8 18. Qh3 Rc7 19. Rfe1 Ne4 20. Bxe7 Rcxe7 21. Bxe4 dxe4 22. d5 f6 23. Ng4 Bc8 24. Qg3 Bxg4 25. Qxg4 Qd6 26. f5 e3 27. Qd4 Re5 28. Rd3 e2 29. Rd2 Rxf5 30. Rdxe2 Rxe2 31. Rxe2 Re5 32. Rxe5 fxe5 33. Qd3 Nd7 34. Ne4 Qb6+ 35. Kf1 Qh6 36. Qc2 Kf7 37. g3 Qe3 38. Qf2+ Qxf2+ 39. Kxf2 Nb6 40. Nc5 Nxd5 41. Nxa6 Nb6 42. Nc7 Nc4 43. Nxb5 Nxb2 44. Nc3 Ke6 45. a4 Nc4 46. Kf3 h5 47. Ke4 g6 48. Kd3 Na5 49. Ne4 Kf5 50. Nd6+ Ke6 51. Nc4 Nc6 52. Ke4 Kf6 53. a5 Ke6 54. a6 Na7 55. Nxe5 g5 56. Nf3 Kf6 57. Nd4 g4 58. Kd5 Kg5 59. Nc6 Nc8 60. Kc5 h4 61. Ne7 Na7 62. Kb6 hxg3 63. hxg3 1-0


[Site "https://www.chess.com"]

[Event "Titled Tuesday Blitz July 18 Early 2023"]
[White "Galchenko, Matvey"]
[Black "Matinian, Nikita"]
[WhiteFideId "24175480"]
[BlackFideId "24129100"]
[WhiteElo "2890"]
[BlackElo "2753"]
[Result "1-0"]
[Round "11"]
[TimeControl "180+2"]
[Date "2023.07.18"]
[WhiteClock "0:00:14"]
[BlackClock "0:00:57"]
[Board "7"]

1. f4 d5 2. Nf3 g6 3. g3 Bg7 4. Bg2 c6 5. O-O Nf6 6. d3 O-O 7. Nc3 b5 8. a3 d4 9. Ne4 Nxe4 10. dxe4 c5 11. a4 b4 12. e3 Nc6 13. exd4 cxd4 14. e5 Ba6 15. Re1 Rc8 16. Ng5 Qb6 17. Kh1 Rfd8 18. e6 f6 19. Nf7 Rf8 20. f5 gxf5 21. Qh5 Ne5 22. Qxf5 d3 23. Rxe5 fxe5 24. Be4 Rxf7 25. Qxf7+ Kh8 26. Qf5 Kg8 27. Qxh7+ Kf8 28. Bh6 Qxe6 29. Qxg7+ Ke8 30. cxd3 Rc2 31. Qf8+ Kd7 32. Bf5 Bb7+ 33. Kg1 Rg2+ 34. Kf1 Rxh2 35. Bxe6+ Kxe6 36. Re1 Rh1+ 37. Kf2 Rh2+ 38. Ke3 Rg2 39. Qg8+ Kd7 40. Qg4+ Kd6 41. d4 Rxb2 42. dxe5+ Kc5 43. Qd4+ Kc6 44. Qxb2 1-0


[Site "https://www.chess.com"]

[Event "Titled Tuesday Blitz July 18 Early 2023"]
[White "Timofeev, Artyom"]
[Black "Svane, Rasmus"]
[WhiteFideId "4140419"]
[BlackFideId "4657101"]
[WhiteElo "2855"]
[BlackElo "2979"]
[Result "1-0"]
[Round "11"]
[TimeControl "180+2"]
[Date "2023.07.18"]
[WhiteClock "0:00:55"]
[BlackClock "0:00:15"]
[Board "8"]

1. e4 c6 2. d4 d5 3. exd5 cxd5 4. Bd3 Nc6 5. c3 Nf6 6. h3 g6 7. Nf3 Bf5 8. O-O Bg7 9. Re1 O-O 10. Na3 Qc7 11. Nc2 Bxd3 12. Qxd3 e6 13. g3 Ne4 14. Kg2 a6 15. Ng5 Nf6 16. Bf4 Qd7 17. Be5 b5 18. Bxf6 Bxf6 19. h4 Rab8 20. a3 a5 21. b4 Rfc8 22. Ne3 Qd8 23. Nf3 Ne7 24. Ng4 Bg7 25. h5 Nf5 26. hxg6 hxg6 27. Qd2 a4 28. Rh1 Rb7 29. Nfe5 Rbc7 30. Rac1 Qf8 31. Nd3 Qd8 32. Nc5 Qf8 33. Rh3 Nd6 34. Rch1 Ne4 35. Qf4 Nxc5 36. Nf6+ Bxf6 37. Qxf6 Ne4 38. Rh8# 1-0


[Site "https://www.chess.com"]

[Event "Titled Tuesday Blitz July 18 Early 2023"]
[White "Harsh Suresh"]
[Black "He, Anthony"]
[WhiteFideId "45018464"]
[BlackFideId "2088215"]
[WhiteElo "2851"]
[BlackElo "2969"]
[Result "0-1"]
[Round "11"]
[TimeControl "180+2"]
[Date "2023.07.18"]
[WhiteClock "0:00:07"]
[BlackClock "0:00:21"]
[Board "9"]

1. d4 Nf6 2. c4 g6 3. Nc3 d5 4. Bg5 Bg7 5. e3 c5 6. Nf3 cxd4 7. Nxd4 dxc4 8. Bxc4 O-O 9. O-O Nbd7 10. Nf3 a6 11. a4 b6 12. Bd5 Ra7 13. Qe2 h6 14. Bh4 e6 15. Bb3 Nc5 16. Rfd1 Rd7 17. Bc2 a5 18. Rxd7 Qxd7 19. Rd1 Qe7 20. Nd4 Ba6 21. Qf3 Bb7 22. Qe2 Rd8 23. Nb3 Ncd7 24. Ne4 g5 25. Nd6 Bd5 26. Bg3 Bxb3 27. Bxb3 Nc5 28. Bc2 Nd5 29. Nb5 Bxb2 30. h4 gxh4 31. Qg4+ Qg5 32. Qxh4 Qxh4 33. Bxh4 Rc8 34. e4 Nb4 35. Rd2 Bc1 36. Re2 Bg5 37. Bg3 Nd7 38. Bb3 Rc1+ 39. Kh2 Nc5 40. Ba2 Ra1 41. Bc4 Rc1 42. Nd6 Nxa4 43. Bb5 Nc3 44. Be8 Nxe2 45. Bxf7+ Kf8 46. Bxe6 Nxg3 47. fxg3 Rc6 48. e5 Be7 49. Bf5 Bxd6 50. exd6 Rxd6 51. g4 a4 52. Kg3 a3 53. Kh4 a2 54. Kh5 a1=Q 55. g5 Qh1+ 56. Bh3 hxg5 57. Kxg5 Qc1+ 58. Kh4 Qf4+ 59. Bg4 Rh6# 0-1


[Site "https://www.chess.com"]

[Event "Titled Tuesday Blitz July 18 Early 2023"]
[White "Tasdogen, Dincer"]
[Black "Bachmann, Axel"]
[WhiteFideId "6367097"]
[BlackFideId "3700488"]
[WhiteElo "2944"]
[BlackElo "2822"]
[Result "0-1"]
[Round "11"]
[TimeControl "180+2"]
[Date "2023.07.18"]
[WhiteClock "0:00:02"]
[BlackClock "0:00:06"]
[Board "10"]

1. Nf3 Nf6 2. g3 d5 3. Bg2 Bg4 4. h3 Bxf3 5. Bxf3 c6 6. O-O Nbd7 7. d3 e5 8. c4 dxc4 9. dxc4 Bc5 10. Nc3 Qe7 11. Qc2 O-O 12. a3 Rad8 13. b4 Bd4 14. Ra2 Rfe8 15. Rd1 Nb6 16. c5 Bxc3 17. Rxd8 Rxd8 18. Qxc3 Nbd5 19. Qb3 e4 20. Bg2 e3 21. Bxe3 Nxe3 22. Qxe3 Qxe3 23. fxe3 a6 24. Kf2 Rd1 25. a4 Rb1 26. Rd2 g6 27. Rd8+ Kg7 28. Rb8 Rxb4 29. Bxc6 Ne4+ 30. Bxe4 Rxe4 31. Rxb7 Rxa4 32. c6 Rc4 33. c7 a5 34. e4 a4 35. Ke3 a3 36. Ra7 a2 37. Rxa2 Rxc7 38. Kf4 Rc5 39. h4 h5 40. e5 Rc4+ 41. e4 Rc6 42. Ra7 Re6 43. Rd7 Kf8 44. Rd6 Ke7 45. Rd5 Ra6 46. Rb5 Ra3 47. Rb7+ Ke6 48. Rb6+ Ke7 49. Rc6 Rb3 50. Ra6 Rc3 51. Ra7+ Ke6 52. Rb7 Ra3 53. Rb6+ Ke7 54. g4 hxg4 55. Kxg4 Ra1 56. e6 Rg1+ 57. Kf4 f6 58. Ra6 Rf1+ 59. Ke3 Rh1 60. Kd4 Rxh4 61. Kd5 Rh5+ 62. Kd4 Re5 63. Ra7+ Kxe6 64. Rg7 Rg5 65. Ra7 Rg3 66. Ra6+ Kf7 67. e5 Rg4+ 68. Kd5 fxe5 69. Kxe5 Kg7 70. Ra8 Kh6 71. Ra2 Kg5 72. Rf2 Rg3 73. Rf1 Kg4 74. Ke4 g5 75. Rb1 Rg2 76. Rb4 Kh4 77. Ke3+ Kg3 78. Rb7 g4 79. Rg7 Rg1 80. Rb7 Re1+ 81. Kd2 Re8 82. Rf7 Kg2 83. Kd3 g3 84. Kd2 Kg1 85. Rg7 g2 86. Kd3 Rh8 0-1


[Site "https://www.chess.com"]